 Dungeon Crawl Stone Soup version 0.31.0-12-g77e489cdc1 (webtiles) character file.

Game seed: 12181613751822092616

225 jagang the Ruffian (level 5, 0/61 HPs)
             Began as a Demigod Shapeshifter on Feb 16, 2024.
             Slain by an orc
             ... wielding a +0 mace
              (3 damage)
             ... on level 5 of the Dungeon.
             The game lasted 00:06:46 (3584 turns).

jagang the Ruffian (Demigod Shapeshifter)           Turns: 3584, Time: 00:06:47

Health: 0/61       AC: 22    Str: 19    XL:     5   Next: 40%
Magic:  7/7        EV:  2    Int: 12    God:
Gold:   245        SH:  0    Dex: 13    Spells: 4/4 levels left

rFire   . .          .
                       - Unarmed
rCold   . . .        (no shield)
rNeg    . . .        a - melded +0 animal skin
rPois   +            (helmet currently unavailable)
rElec   .            (cloak currently unavailable)
rCorr   .            (gloves currently unavailable)
SInv    .            (boots currently unavailable)
Will    .....        (no amulet)
Stlth   +            (no ring)
HPRegen 0.30/turn    (no ring)
MPRegen 0.10/turn

%: no passive effects
@: tree-form
A: stationary, stasis, torment immunity, boosted hp, high MP 1, forlorn, divine
attributes
a: no special abilities


You were on level 5 of the Dungeon.
You were a tree.
You visited 1 branch of the dungeon, and saw 5 of its levels.

You collected 245 gold pieces.

Inventory:

Missiles
 h - 6 poisoned darts (quivered)
Armour
 a - a +0 animal skin (melded)
Talismans
 c - a beast talisman
 d - a flux talisman (active)
Wands
 n - a wand of flame (23)
 p - a wand of acid (12)
Scrolls
 e - a scroll of enchant weapon {unknown}
 f - 3 scrolls of fog {unknown}
 g - a scroll of acquirement {unknown}
 j - a scroll of immolation {unknown}
 m - 4 scrolls of identify {unknown}
 q - a scroll of noise {unknown}
Potions
 i - a potion of enlightenment {unknown}
 k - a potion of magic {unknown}
 l - a potion of curing {unknown}
 o - 2 potions of attraction {unknown}
 r - a potion of ambrosia {unknown}


   Skills:
 + Level 2.0 Fighting
 + Level 2.6 Dodging
 + Level 0.2 Stealth
 * Level 4.1 Unarmed Combat
 * Level 3.8 Shapeshifting


You had 4 spell levels left.
You didn't know any spells.
Your spell library contained the following spells:

 Spells                   Type           Power      Damage    Failure   Level
 Lesser Beckoning         Tloc           0%         N/A       45%         2
 Call Canine Familiar     Summ           0%         N/A       69%         3
 Gell's Gravitas          Tloc           0%         N/A       69%         3
 Sigil of Binding         Hex            0%         N/A       69%         3
 Teleport Other           Tloc           0%         N/A       69%         3
 Animate Dead             Necr           0%         N/A       97%         4
 Dimensional Bullseye     Hex/Tloc       0%         N/A       97%         4
 Manifold Assault         Tloc           0%         N/A       97%         4
 Borgnjor's Vile Clutch   Necr/Erth      0%         N/A       100%        5
 Death Channel            Necr           0%         N/A       100%        6
 Dispersal                Tloc           0%         N/A       100%        6
 Disjunction              Tloc           0%         N/A       100%        8


Dungeon Overview and Level Annotations

Branches:
Dungeon (5/15)
 Temple: D:4-7

Shops:
D:2 (


Innate Abilities, Weirdness & Mutations

You are a tree.
Your roots penetrate the ground, keeping you stationary.
You cannot be teleported.
You are immune to unholy pain and torment.
Your maximum health is greatly increased.
Your equipment is partially melded.
You have an increased reservoir of magic. (+10% MP)
You shall have no god before yourself.
Your divine heritage dramatically boosts your attributes as you level up.


Message History

The orc closely misses you.
You closely miss the orc. The orc misses you. The orc hits you with a +0 whip.
* * * LOW HITPOINT WARNING * * *
You barely miss the orc. The orc barely misses you.
The orc hits you with a +0 whip.
* * * LOW HITPOINT WARNING * * *
You barely miss the orc. The orc closely misses you.
The orc completely misses you.
You closely miss the orc.
An orc wizard comes into view. It is wielding a +0 dagger.
You barely miss the orc. You hit the orc.
The orc begins to glow.
The orc is lightly wounded.
You hit the orc but do no damage.
The orc glows dangerously bright.
The orc is lightly wounded.
The orc hits you with a +0 whip!
* * * LOW HITPOINT WARNING * * *
Okay, then.
Your transformation has ended.
Your +0 animal skin unmelds from your body.
You turn into a tree.
Your +0 animal skin melds into your body.
Your roots penetrate the ground.
The orc hits you but does no damage. The orc hits you with a +0 whip.
* * * LOW HITPOINT WARNING * * *
You smack the orc!
You kill the orc!
The orc hits you but does no damage.
You barely miss the orc. The orc hits you but does no damage.
You hit the orc.
The orc is lightly wounded.
The orc hits you but does no damage.
You smack the orc!
You kill the orc!
You barely miss the orc. You pummel the orc!!
You kill the orc!
You closely miss the orc. The orc completely misses you.
You completely miss the orc. The orc hits you with a +0 mace.
You die...

#.. #####..##..##
#..######.##..#####
#.........#....#
#.........#....#
#.........'....#
#.........#....#
#...###'####..## #
###..###..##
#...♣#.....#
#...)o.o...#
##.####...## #.#
...# ... o...# +...
....# #... ....#
##### #####


You could see an orc wizard and an orc.

Vanquished Creatures
  A bombardier beetle (D:3)
  A hound (D:3)
  An orc priest (D:3)
  3 adders
  A shadow imp (D:5)
  3 dart slugs
  8 orcs
  3 ball pythons
  5 bats
  4 endoplasms
  3 giant cockroaches
  7 goblins
  11 hobgoblins
  7 jackals
  3 quokkas
  4 frilled lizards
  4 kobolds
  8 rats
77 creatures vanquished.

Notes
Turn   | Place    | Note
-------+----------+-------------------------------------------
     0 | D:1      | jagang the Demigod Shapeshifter began the quest for the
                  | Orb.
     0 | D:1      | Reached XP level 1. HP: 15/15 MP: 3/3
   110 | D:1      | Reached skill level 1 in Fighting
   238 | D:1      | Reached XP level 2. HP: 22/23 MP: 4/4
   248 | D:1      | Reached skill level 3 in Unarmed Combat
   849 | D:2      | Found Xigisch's Weapon Shop.
   956 | D:2      | Reached XP level 3. HP: 21/28 MP: 5/5
  1727 | D:3      | Reached XP level 4. HP: 26/35 MP: 6/6
  1975 | D:3      | Reached XP level 5. HP: 21/41 MP: 7/7
  2064 | D:3      | Reached skill level 4 in Unarmed Combat
  2586 | D:4      | Noticed a fire elemental
  2587 | D:4      | Noticed a water elemental
  2587 | D:4      | Noticed an air elemental
  3493 | D:5      | Entered Level 5 of the Dungeon
  3574 | D:5      | HP: 1/28 [orc/+0 whip (7)]
  3584 | D:5      | Slain by an orc

Illustrated notes

Levels and vault maps discovered:
D:1:      lemuel_arrival_hallway, layout_basic,
          chequers_ecumenical_altar_island, minmay_surrounded
D:2:      layout_basic, serial_shops,
          nicolae_shop_temple_entry_statues_fountains, basic_altar,
          grunt_ministairs_15
D:3:      layout_basic, mainiacjoe_overflow_small_starburst
D:4:      layout_basic, nicolae_qazlal_style_of_elements
D:5:      layout_gridville, mainiacjoe_overflow_catwalk,
          mainiacjoe_overflow_brackets, ebering_ghost_reflecting_pool,
          chequers_big_river, uniq_sigmund

Skill      XL: |  1  2  3  4  5 |
---------------+----------------+-----
Fighting       | 1 2 |  2.0
Unarmed Combat | 3 4 |  4.1
Dodging        | 2 |  2.6
Shapeshifting  | 3 |  3.8
Stealth        | |  0.2

Action                     |  1- 3 |  4- 6 || total
---------------------------+-------+-------++-------
  Melee: Unarmed           |   116 |   111 ||   227
         Punch             |     3 |       ||     3
  Throw: Dart              |       |     8 ||     8
    Use: Potion            |       |     1 ||     1
   Stab: Sleeping          |     1 |     1 ||     2
 Armour: Animal skin       |    72 |    23 ||    95
         Skin              |       |    23 ||    23
  Dodge: Dodged            |    90 |    52 ||   142
   Form: Flux              |       |     1 ||     1
